 Dungeon Crawl Stone Soup version 0.14-a0-405-gb95792f (webtiles) character file.

160 PolkaDot the Sneak (level 3, -3/22 HPs)
             Began as a Vampire Wizard on Oct 27, 2013.
             Slain by Grinder (7 damage)
             ... while paralysed by Grinder
             ... on Level 3 of the Dungeon.
             The game lasted 00:07:44 (1891 turns).

PolkaDot the Sneak (Vampire Wizard)                 Turns: 1891, Time: 00:07:44

HP  -3/22        AC  2     Str  6      XL: 3   Next: 83%
MP   7/10        EV  2     Int 22      God:
Gold 99          SH  0     Dex 12      Spells:  3 memorised,  1 level left

Res.Fire  : + . .   See Invis. : +   d - +2,+0 short sword (drain)
Res.Cold  : x . .   Warding    : .   a - +0 robe
Life Prot.: . . .   Conserve   : .   (no shield)
Res.Poison: .       Res.Corr.  : .   b - +0 wizard hat
Res.Elec. : .       Clarity    : .   (no cloak)
Sust.Abil.: . .     Spirit.Shd : .   (no gloves)
Res.Mut.  : .       Stasis     : .   (no boots)
Res.Rott. : .       Flight     : .   (no amulet)
Saprovore : . . .                    h - +1 ring of intelligence
                                     k - ring of fire

@: paralysed, regenerating quickly, very slightly contaminated, slightly
resistant to hostile enchantments, stealthy
A: fangs 3, see invisible, unbreathing
a: no special abilities


You were on level 3 of the Dungeon.
You were very full.

You visited 1 branch of the dungeon, and saw 3 of its levels.

You collected 79 gold pieces.

Inventory:

Hand weapons
 d - a +2,+0 short sword of draining (weapon)
 f - a +3,+3 elven dagger
Armour
 a - a +0 robe (worn)
 b - a +0 wizard hat (worn)
Scrolls
 g - a scroll of recharging {unknown}
 i - a scroll of teleportation {unknown}
 j - a scroll of blinking {unknown}
 l - a scroll of remove curse {unknown}
 m - a scroll of curse jewellery {unknown}
Jewellery
 h - a +1 ring of intelligence (right hand)
 k - a ring of fire (left hand)
Potions
 e - a potion of brilliance {unknown}
Books
 c - a book of Minor Magic

   Spells                             Type                      Level
   *Magic Dart                        Conjuration                  1
   Blink                              Translocation                2
   Call Imp                           Summoning                    2
   Repel Missiles                     Charms/Air                   2
   Slow                               Hexes                        2
   *Conjure Flame                     Conjuration/Fire             3
   *Mephitic Cloud                    Conjuration/Poison/Air       3


   Skills:
 - Level 2.1 Dodging
 - Level 3.0 Stealth
 - Level 3.0 Spellcasting
 * Level 2.8 Conjurations
   Level 1.0 Summonings
   Level 0.7 Translocations


You had one spell level left.
You knew the following spells:

 Your Spells              Type           Power        Failure   Level  Hunger
a - Magic Dart            Conj           ###.         4%          1    None
d - Mephitic Cloud        Conj/Pois/Air  #.......     28%         3    ###....
s - Conjure Flame         Conj/Fire      ##......     21%         3    ###....


Dungeon Overview and Level Annotations

Branches:
Dungeon (3/27)

Altars:
the Shining One

Annotations:
D:1 Crazy Yiuf
D:3 Grinder


Innate Abilities, Weirdness & Mutations

Your natural rate of healing is unusually fast.
You have razor-sharp teeth.*
You have supernaturally acute eyesight.
You can survive without breathing.*


Message History

Grinder comes into view.
Grinder shouts!
Grinder says, "Don't move a muscle."
You start waiting.
Grinder drinks a potion.
Grinder seems to grow stronger.
Casting: Magic Dart
Confirm with . or Enter, or press ? or * to list all spells.
Aiming: Conjure Flame
Press: ? - help, Dir - move target cursor You feel a surge of power!
You miscast Conjure Flame.
You are very lightly contaminated with residual magic.
You hear a sizzling sound.
Grinder gestures at you.
You suddenly lose the ability to move!
Grinder hits you!
Ouch! That really hurt!
You writhe in agony.
* * * LOW HITPOINT WARNING * * *
Grinder hits you!
You die...

#....##.(.## #............
#.....###### ### ########.### #.#
####..........# ####.#
..............#####....#
..............##..+....#
..............##.##....#
.........[.....#@##....#.
.......).......#5##....#.# .
.....######'#..#.##....#.###.####
.....# ##.#..#.##....#.##......
.....# #........>....#.##......
.....# #..#..#.#######.##......
###### #..#.....# #.........
#..#..#..######.#.......
#..#.##...).....#.......


You could see Grinder.

Vanquished Creatures
  A giant mite (D:1)
  2 adders (D:2)
  A giant gecko (D:3)
  Terence (D:2)
  5 bats
  2 giant cockroaches
  5 goblins
  7 hobgoblins
  A giant newt (D:1)
  4 kobolds
  A quokka (D:3)
  5 rats
35 creatures vanquished.

Notes
Turn   | Place    | Note
--------------------------------------------------------------
     0 | D:1      | PolkaDot, the Vampire Wizard, began the quest for the Orb.
     0 | D:1      | Reached XP level 1. HP: 11/11 MP: 6/6
    59 | D:1      | Reached skill level 1 in Conjurations
   245 | D:1      | Reached XP level 2. HP: 17/17 MP: 0/8
   686 | D:2      | Noticed Crazy Yiuf
   885 | D:2      | Found a glowing golden altar of the Shining One.
   991 | D:2      | Reached XP level 3. HP: 15/22 MP: 6/10
  1205 | D:2      | Noticed Terence
  1211 | D:2      | Learned a level 3 spell: Conjure Flame
  1215 | D:2      | Learned a level 3 spell: Mephitic Cloud
  1246 | D:2      | Killed Terence
  1872 | D:3      | Noticed Grinder
  1888 | D:3      | Paralysed by Grinder for 5 turns
  1891 | D:3      | Slain by Grinder

Action                   || total
-------------------------++-------
Melee: Dagger            ||    14
       Unarmed           ||     1
       Short sword       ||    51
 Cast: Magic Dart        ||    63
       Mephitic Cloud    ||     1
  Use: Potion            ||     3
 Stab: Sleeping          ||     2
       Confused          ||     1
